 Dungeon Crawl Stone Soup version 0.29-a0-620-g13ace881f2 (webtiles) character file.

Game seed: 12918027094438923940

8250 lfo the Thaumaturge (level 11, -5/64 HPs)
             Began as a Deep Elf Earth Elementalist on June 18, 2022.
             Was a Believer of Vehumet.
             Shot with an arrow by a centaur (7 damage)
             ... on level 11 of the Dungeon on June 19, 2022.
             The game lasted 00:12:06 (11861 turns).

lfo the Thaumaturge (Deep Elf Earth Elementalist)  Turns: 11861, Time: 00:12:07

Health: -5/64      AC:  7    Str:  5    XL:     11   Next: 7%
Magic:  2/26       EV: 16    Int: 30    God:    Vehumet [**....]
Gold:   679        SH:  0    Dex: 15    Spells: 25/29 levels left

rFire   + . .      SeeInvis +   l - +10 dagger "Tamuluc" {holy, rF+}
rCold   . . .      Faith    .   (no shield)
rNeg    . . .      Spirit   .   a - +0 robe
rPois   .          Reflect  .   H - +2 helmet
rElec   .          Harm     .   P - +0 cloak
rCorr   .          Rampage  .   i - +0 pair of gloves
Will    +....                   (no boots)
Stlth   ++........              (no amulet)
HPRegen 0.20/turn               L - ring of Pragmatism {Int+5 SInv}
MPRegen 0.20/turn               (no ring)

@: marked, hasted, very quick
A: no striking features
a: Renounce Religion


You were on level 11 of the Dungeon.
You worshipped Vehumet.
Vehumet was pleased with you.
You visited 2 branches of the dungeon, and saw 12 of its levels.
You also visited: Sewer.

You collected 679 gold pieces.


   Skills:
 + Level 5.9 Fighting
 + Level 9.0 Dodging
 - Level 2.4 Stealth
 + Level 9.9 Spellcasting
 + Level 9.1 Conjurations
 + Level 7.9 Transmutations
 - Level 6.0 Earth Magic


You had 25 spell levels left.
You knew the following spells:

 Your Spells              Type           Power      Damage    Failure   Level
a - Stone Arrow           Conj/Erth      100%       3d13      1%          3
s - Sandblast             Erth           100%       2d20      1%          1

Your spell library contained the following spells:

 Spells                   Type           Power      Damage    Failure   Level
 Freeze                   Ice            56%        1d7       3%          1
 Beastly Appendage        Tmut           100%       N/A       1%          1
 Passwall                 Tmut/Erth      45%        N/A       1%          2
 Wereblood                Tmut           58%        N/A       1%          2
 Spider Form              Tmut/Pois      38%        N/A       1%          3
 Petrify                  Tmut/Erth      54%        N/A       1%          4
 Ensorcelled Hibernation  Hex/Ice        28%        N/A       5%          2
 Anguish                  Hex/Necr       7%         N/A       34%         4

Inventory:

Hand Weapons
 l - the +10 dagger "Tamuluc" (weapon) {holy, rF+}
   (You found it on level 2 of the Dungeon)

   It has been blessed by the Shining One to cause great damage to the undead
   and demons.
   rF:        It protects you from fire.
 R - the +6 whip "Sedderchu" {flame, Drain Dex+5 Stlth+}
   (You found it on level 10 of the Dungeon)

   It burns those it strikes, dealing additional fire damage.
   Dex:       It affects your dexterity (+5).
   Drain:     It drains your maximum health when unequipped.
   Stlth:     It makes you more stealthy.
Missiles
 E - a throwing net {=f!f}
 S - a curare-tipped dart {=f}
Armour
 a - a +0 robe (worn)
 i - a +0 pair of gloves (worn)
   (You found it on level 1 of the Dungeon)
 H - a +2 helmet (worn)
   (You found it on level 6 of the Dungeon)
 P - a +0 cloak (worn)
   (You took it off Maurice on level 9 of the Dungeon)
Magical Staves
 M - a staff of earth {!a}
   (You found it on level 7 of the Dungeon)
Jewellery
 F - a ring of fire
   (You found it on level 3 of the Dungeon)
 L - the ring of Pragmatism (left hand) {Int+5 SInv}
   (You found it on level 7 of the Dungeon)

   [ring of see invisible]

   Int:       It affects your intelligence (+5).
   SInv:      It lets you see invisible.
Wands
 J - a wand of iceblast (5)
   (You found it on level 7 of the Dungeon)
 N - a wand of polymorph (19)
   (You found it on level 7 of the Dungeon)
 Q - a wand of mindburst (3)
   (You took it off Maurice on level 9 of the Dungeon)
Scrolls
 e - a scroll of fear {unknown}
 g - 2 scrolls of vulnerability {unknown}
 h - 9 scrolls of teleportation {unknown}
 j - 2 scrolls of immolation {unknown}
 q - 5 scrolls of poison {unknown}
 r - 7 scrolls of identify {unknown}
 s - 2 scrolls of fog {unknown}
 u - a scroll of acquirement {unknown}
 v - a scroll of enchant weapon {unknown}
 x - 2 scrolls of silence {unknown}
 y - 5 scrolls of blinking {unknown}
 B - 3 scrolls of noise {unknown}
 D - a scroll of enchant armour {unknown}
 G - a scroll of amnesia {unknown}
 K - 3 scrolls of brand weapon {unknown}
 O - 2 scrolls of summoning {unknown}
Potions
 b - a potion of ambrosia {unknown}
 c - 3 potions of flight {unknown}
 d - 4 potions of brilliance {unknown}
 f - 3 potions of lignification {unknown}
 k - 4 potions of curing {@q1}
 m - a potion of might {unknown}
 n - a potion of invisibility {unknown}
 o - 2 potions of cancellation {unknown}
 p - 3 potions of resistance {unknown}
 w - 3 potions of heal wounds {unknown}
 z - 2 potions of magic
 A - 3 potions of degeneration {unknown}
 C - 3 potions of mutation {unknown}
 I - 2 potions of attraction {unknown}

Dungeon Overview and Level Annotations

Branches:
Dungeon (11/15)            Temple (1/1) D:5            Lair (0/6) D:10
  Sewer (visited)
    Orc: D:9-12

Altars:
Ashenzari
Cheibriados
Dithmenos
Elyvilon
Fedhas
Gozag
Hepliaklqana
Kikubaaqudgha
Makhleb
Nemelex Xobeh
Okawaru
Qazlal
Ru
Sif Muna
Trog
Uskayaw
Vehumet
Wu Jian
Xom
Yredelemnul
Zin
The Shining One

Annotations:
D:9 2 transporters

......#.....#
......#.....#
......#.....######+#
......#............#
#
......#............#
..
#######............#
.# .
........<.......###.#
.
....................#
.
.............@y.....#
.
..............y.....#
.
.######..........[..#
. #.............# .
#.............# .
#.................
#....######.......
....c. ....... ......
.......


You could see 2 vampire mosquitoes and a centaur.


Message History

Confirm with . or Enter, or press ? or * to list all spells.
Aiming: Stone Arrow (safe; 1% risk of failure)
Press: ? - help, Shift-Dir - straight line, f/p - troll
Aim: a troll (almost dead, 78% to hit)
The stone arrow hits the troll!
You kill the troll!
Vehumet accepts your kill.
You feel your power returning.
The troll leather armour is intact enough to wear.
The vampire mosquito closely misses you. x2
The vampire mosquito barely misses you. The vampire mosquito bites you.
The vampire mosquito draws strength from your injuries!
Your Dodging skill increases to level 9!
Casting: Stone Arrow (safe; 1% risk of failure)
Confirm with . or Enter, or press ? or * to list all spells.
Aiming: Stone Arrow (safe; 1% risk of failure)
Press: ? - help, Shift-Dir - straight line, f - vampire mosquito
Aim: a vampire mosquito (heavily damaged, 63% to hit)
The stone arrow hits the vampire mosquito!
The vampire mosquito bites you.
The vampire mosquito draws strength from your injuries!
The vampire mosquito bites you.
The vampire mosquito draws strength from your injuries!
The vampire mosquito bites you.
The vampire mosquito draws strength from your injuries!
The vampire mosquito misses you.
Casting: Stone Arrow (safe; 1% risk of failure)
Confirm with . or Enter, or press ? or * to list all spells.
Aiming: Stone Arrow (safe; 1% risk of failure)
Press: ? - help, Shift-Dir - straight line, f/p - vampire mosquito
Aim: a vampire mosquito (heavily damaged, 63% to hit)
The stone arrow misses the vampire mosquito.
The vampire mosquito closely misses you.
The vampire mosquito barely misses you. The vampire mosquito misses you.
The vampire mosquito closely misses you.
Casting: Stone Arrow (safe; 1% risk of failure)
Confirm with . or Enter, or press ? or * to list all spells.
Aiming: Stone Arrow (safe; 1% risk of failure)
Press: ? - help, Shift-Dir - straight line, f/p - vampire mosquito
Aim: a vampire mosquito (heavily damaged, 63% to hit)
The stone arrow hits the vampire mosquito!
The vampire mosquito bites you!
The vampire mosquito draws strength from your injuries!
The vampire mosquito closely misses you. x2
The vampire mosquito barely misses you.
A centaur comes into view.
Casting: Stone Arrow (safe; 1% risk of failure)
Confirm with . or Enter, or press ? or * to list all spells.
Aiming: Stone Arrow (safe; 1% risk of failure)
Press: ? - help, Shift-Dir - straight line, f/p - vampire mosquito
Aim: a vampire mosquito (severely damaged, 63% to hit)
The stone arrow misses the vampire mosquito.
The vampire mosquito misses you. x2; The centaur wields a +0 shortbow.
The centaur shoots an arrow.
The arrow completely misses you.
The vampire mosquito closely misses you.
The vampire mosquito bites you.
The vampire mosquito draws strength from your injuries!
The vampire mosquito attacks as you move away!
The vampire mosquito closely misses you.
The centaur shoots an arrow.
The arrow hits you.
* * * LOW HITPOINT WARNING * * *
The centaur shoots an arrow.
The arrow hits you!
* * * LOW HITPOINT WARNING * * *
The vampire mosquito bites you but does no damage. x2
The centaur shoots an arrow.
The arrow barely misses you. The vampire mosquito barely misses you.
The vampire mosquito bites you but does no damage.
You see here a scroll labelled XUIBBO SOPAET.
Unknown command.
You feel yourself speed up.
The centaur shoots an arrow.
The arrow closely misses you. The vampire mosquito bites you!
* * * LOW HITPOINT WARNING * * *
The vampire mosquito draws strength from your injuries!
The vampire mosquito bites you but does no damage.
The centaur shoots an arrow.
The arrow misses you. The vampire mosquito bites you.
* * * LOW HITPOINT WARNING * * *
The vampire mosquito draws strength from your injuries!
The vampire mosquito misses you.
Unknown command.
It was a potion of curing.
You feel better.
The vampire mosquito closely misses you.
The vampire mosquito bites you but does no damage.
The centaur shoots an arrow.
The arrow hits you.
* * * LOW HITPOINT WARNING * * *
You feel better. The vampire mosquito barely misses you.
The vampire mosquito misses you.
The centaur shoots an arrow.
The arrow hits you!
* * * LOW HITPOINT WARNING * * *
Unknown command.
The centaur shoots an arrow.
The arrow hits you!
* * * LOW HITPOINT WARNING * * *
Unknown command.
You feel better.
The vampire mosquito closely misses you.
The vampire mosquito bites you!
* * * LOW HITPOINT WARNING * * *
The vampire mosquito draws strength from your injuries!
The centaur shoots an arrow.
The arrow hits you!
You die...

Skill      XL: |  1  2  3  4  5  6  7  8  9 10 11 |
---------------+----------------------------------+-----
Conjurations   | 1 2 3 4 5 6 7 9 |  9.1
Earth Magic    | 4 5 6 |  6.0
Fighting       | 1 2 3 4 5 |  5.9
Dodging        | 3 4 5 7 8 9 |  9.0
Transmutations | 2 3 4 6 7 |  7.9
Spellcasting   | 4 6 8 9 |  9.9
Stealth        | |  2.4

Action                   |  1- 3 |  4- 6 |  7- 9 | 10-12 || total
-------------------------+-------+-------+-------+-------++-------
Melee: Unarmed           |     1 |       |       |       ||     1
       Dagger            |       |       |     6 |       ||     6
 Cast: Sandblast         |    53 |    37 |    40 |    21 ||   151
       Stone Arrow       |       |    21 |   123 |    94 ||   238
Evoke: Wand              |       |       |     5 |       ||     5
  Use: Potion            |       |     1 |       |     4 ||     5
Armor: Robe              |     3 |     5 |    14 |    16 ||    38
Dodge: Dodged            |    10 |    22 |    40 |    71 ||   143

Levels and vault maps discovered:
D:1:      amcnicky_arrival_choice, layout_rooms
D:2:      layout_loops_cross, shapermc_ecumenical_altar_mp_ritualfount
D:3:      layout_rooms, portal_sewer_entry_a
D:4:      layout_gridville, mainiacjoe_overflow_catwalk_spiral,
          kennysheep_crisscross, minmay_strange_pillars, chequers_mini_garden,
          minmay_increasing_density
D:5:      layout_basic, mainiacjoe_overflow_brackets, kennysheep_mini_moat,
          mainiacjoe_overflow_alcove_2, minmay_temple_entry_junction_2
D:6:      wad_river_or_something, layout_loops_ring,
          mainiacjoe_overflow_concentric_impassable,
          mainiacjoe_overflow_cross_hatched
D:7:      layout_loops_ring
D:8:      layout_rooms, mainiacjoe_overflow_chevrons
D:9:      gammafunk_boulding_lane, layout_stronghold,
          lemuel_coloured_pillars_altar, uniq_maurice
D:10:     layout_roguey, overflow_temple_1_default, erik_lair_dragon,
          kennysheep_generic_room_12
D:11:     layout_irregular_city, gammafunk_ghost_hydra_chop
Temple:   minmay_temple_bridge_abc

Notes
Turn   | Place    | Note
-------+----------+-------------------------------------------
     0 | D:1      | lfo the Deep Elf Earth Elementalist began the quest for the
                  | Orb.
     0 | D:1      | Reached XP level 1. HP: 10/10 MP: 6/6
   106 | D:1      | Reached skill level 1 in Conjurations
   341 | D:1      | Reached XP level 2. HP: 15/15 MP: 6/8
   880 | D:2      | Reached skill level 2 in Conjurations
   880 | D:2      | Reached skill level 4 in Earth Magic
   880 | D:2      | Reached XP level 3. HP: 15/19 MP: 5/9
  1031 | D:2      | Learned a level 3 spell: Stone Arrow
  1210 | D:2      | Identified the +10 dagger "Tamuluc" {holy, rF+}
  1428 | D:2      | Found a faded altar of an unknown god.
  1724 | D:3      | Reached XP level 4. HP: 24/24 MP: 8/10
  1917 | D:3      | Found a glowing drain.
  1930 | D:3      | Reached skill level 3 in Conjurations
  1933 | Sewer    | Entered a sewer
  1989 | Sewer    | Noticed a water moccasin
  2000 | Sewer    | Killed a water moccasin
  2001 | Sewer    | Reached skill level 5 in Earth Magic
  2001 | Sewer    | Reached XP level 5. HP: 12/28 MP: 2/11
  2247 | D:3      | Reached skill level 4 in Conjurations
  2647 | D:4      | Reached XP level 6. HP: 27/32 MP: 6/12
  3080 | D:4      | Reached skill level 1 in Fighting
  3080 | D:4      | Reached skill level 3 in Dodging
  3125 | D:4      | Reached skill level 2 in Transmutations
  3224 | D:4      | Reached XP level 7. HP: 20/38 MP: 4/14
  3379 | D:4      | Reached skill level 6 in Earth Magic
  3591 | D:4      | Reached skill level 4 in Spellcasting
  3591 | D:4      | Reached skill level 5 in Conjurations
  3706 | D:4      | You pick up a book of Dreams and begin reading...
  3706 | D:4      | You add the spells Ensorcelled Hibernation, Spider Form and
                  | Anguish to your library.
  3893 | D:4      | Found a glowing silver altar of Zin.
  3895 | D:4      | Found a hide-covered altar of Uskayaw.
  3964 | D:4      | Identified the +0 leather armour of Okoijar {Stlth+}
  4402 | D:5      | Entered Level 5 of the Dungeon
  4457 | D:5      | Reached skill level 2 in Fighting
  4457 | D:5      | Reached skill level 4 in Dodging
  4457 | D:5      | Reached skill level 3 in Transmutations
  4556 | D:5      | Found a staircase to the Ecumenical Temple.
  4571 | Temple   | Entered the Ecumenical Temple
  4792 | Temple   | Became a worshipper of Vehumet
  4819 | D:5      | Reached XP level 8. HP: 44/44 MP: 10/17
  4821 | D:5      | Reached skill level 5 in Spellcasting
  5268 | D:5      | Reached skill level 5 in Dodging
  5268 | D:5      | Reached skill level 6 in Conjurations
  5268 | D:5      | Reached skill level 4 in Transmutations
  5539 | D:5      | Found a burning altar of Makhleb.
  5636 | D:5      | Reached skill level 3 in Fighting
  5718 | D:5      | Found a snail-covered altar of Cheibriados.
  5894 | D:5      | Found a shadowy altar of Dithmenos.
  5945 | D:6      | Reached skill level 6 in Spellcasting
  5945 | D:6      | Reached * piety under Vehumet
  5945 | D:6      | Offered knowledge of Magic Dart by Vehumet.
  6079 | D:6      | Found a sacrificial altar of Ru.
  6219 | D:6      | Found an ancient bone altar of Kikubaaqudgha.
  6607 | D:6      | Reached XP level 9. HP: 38/51 MP: 3/20
  6729 | D:6      | You fall into a shaft and drop 1 floor!
  6798 | D:7      | Reached skill level 6 in Dodging
  6806 | D:7      | Reached skill level 5 in Transmutations
  6847 | D:7      | Reached skill level 7 in Spellcasting
  6847 | D:7      | Reached skill level 7 in Conjurations
  6868 | D:7      | Reached skill level 4 in Fighting
  7469 | D:6      | Reached skill level 7 in Dodging
  7469 | D:6      | Reached skill level 6 in Transmutations
  7918 | D:7      | You pick up a book of Changes and begin reading...
  7918 | D:7      | You add the spells Beastly Appendage and Wereblood to your
                  | library.
  7936 | D:7      | Identified the ring of Pragmatism {Int+5 SInv}
  8027 | D:7      | Reached skill level 8 in Spellcasting
  8700 | D:8      | Found a glowing golden altar of the Shining One.
  8728 | D:8      | Reached XP level 10. HP: 58/58 MP: 7/24
  8939 | D:8      | Reached skill level 8 in Conjurations
  9277 | D:9      | Offered knowledge of Freeze by Vehumet.
  9748 | D:9      | Reached skill level 5 in Fighting
  9750 | D:9      | Reached ** piety under Vehumet
  9865 | D:9      | Found a basalt altar of Yredelemnul.
  9908 | D:9      | Noticed Maurice
  9915 | D:9      | Killed Maurice
  9916 | D:9      | Reached skill level 8 in Dodging
 10015 | D:9      | Reached skill level 7 in Transmutations
 10016 | D:9      | Reached skill level 9 in Spellcasting
 10228 | D:9      | Found a transporter.
 10230 | D:9      | Found a transporter.
 10232 | D:9      | Noticed a boulder beetle
 10351 | D:10     | Entered Level 10 of the Dungeon
 10434 | D:10     | Identified the +6 whip "Sedderchu" {flame, Drain Dex+5
                  | Stlth+}
 10642 | D:10     | Noticed a deep elf pyromancer
 10646 | D:10     | Killed a deep elf pyromancer
 10700 | D:10     | Found a shimmering altar of Xom.
 11248 | D:10     | Found a staircase to the Lair.
 11292 | D:10     | Reached skill level 9 in Conjurations
 11447 | D:10     | Reached XP level 11. HP: 64/64 MP: 16/26
 11851 | D:11     | Reached skill level 9 in Dodging
 11857 | D:11     | HP: 15/64 [vampire mosquito (7)]
 11860 | D:11     | HP: 6/64 [centaur/arrow (9)]
 11861 | D:11     | HP: 2/64 [vampire mosquito (9)]
 11861 | D:11     | Shot with an arrow by a centaur

Vanquished Creatures
  A deep elf pyromancer (D:10)
  Maurice (D:9)
  2 komodo dragons (D:10)
  A troll (D:11)
  A shadow (D:11)
  A wraith (D:10)
  A vampire (D:6)
  2 basilisks (D:10)
  A wyvern (D:10)
  6 yaks (D:7)
  2 steam dragons
  A vampire mosquito (D:11)
  3 water moccasins
  An acid dragon (D:10)
  2 black bears
  An orc warrior (D:6)
  2 ice beasts (D:5)
  2 sky beasts
  3 ogres
  2 kobold brigands (D:10)
  2 phantoms
  2 bullfrogs
  2 necrophages (D:4)
  A gnoll sergeant (D:9)
  4 scorpions
  13 wights
  4 jellies
  13 killer bees
  4 howler monkeys
  4 hounds
  4 orc priests
  5 iguanas
  13 orc wizards
  7 gnolls
  9 adders
  A white imp (D:7)
  3 worms
  4 dart slugs
  33 orcs
  9 ball pythons
  10 endoplasms
  3 giant cockroaches
  10 goblins
  6 hobgoblins
  3 jackals (D:1)
  11 kobolds
  3 quokkas
  2 bats
  3 frilled lizards
  7 rats
231 creatures vanquished.

Vanquished Creatures (others)
  A fungus (D:2)
1 creature vanquished.

Grand Total: 232 creatures vanquished

Table legend:
 A = Non-vault XP
 B = Vault XP
 C = Vault XP percentage of total XP
 D = Non-vault monster count
 E = Vault monster count
 F = Vault count percentage of total count
                 A         B        C        D         E       F
            +---------+---------+-------+---------+---------+-------
      Total |    8955 |    2831 |  24.0 |     206 |      25 |  10.8
            +---------+---------+-------+---------+---------+-------
        D:1 |      34 |       0 |   0.0 |      20 |       0 |   0.0
        D:2 |      62 |       0 |   0.0 |      19 |       0 |   0.0
        D:3 |      67 |       2 |   2.9 |      19 |       2 |   9.5
        D:4 |     761 |      67 |   8.1 |      25 |       6 |  19.4
        D:5 |    1092 |       0 |   0.0 |      26 |       0 |   0.0
        D:6 |     700 |     677 |  49.2 |      11 |       9 |  45.0
        D:7 |    1802 |       0 |   0.0 |      22 |       0 |   0.0
        D:8 |     976 |       0 |   0.0 |      15 |       0 |   0.0
        D:9 |    1000 |     457 |  31.4 |      22 |       1 |   4.3
       D:10 |    1759 |    1475 |  45.6 |      24 |       6 |  20.0
       D:11 |     702 |       0 |   0.0 |       3 |       0 |   0.0
      Sewer |       0 |     153 | 100.0 |       0 |       1 | 100.0
            +---------+---------+-------+---------+---------+-------

Illustrated notes

Table legend:
 A = Kills in this place as a percentage of kills in entire the game.
 B = Kills by you in this place as a percentage of kills by you in the entire game.
 C = Kills by friends in this place as a percentage of kills by friends in the entire game.
 D = Other kills in this place as a percentage of other kills in the entire game.
 E = Experience gained in this place as a percentage of experience gained in the entire game.
 F = Experience gained in this place divided by the number of levels of this place that you have seen.
                   A       B       C       D       E      F
               +-------+-------+-------+-------+-------+----------------------
         Total | 100.0 | 100.0 |   N/A |   N/A | 100.0 | 906.6
       Dungeon |  99.6 |  99.6 |   N/A |   N/A |  98.7 | 1057.5
         Sewer |   0.4 |   0.4 |   N/A |   N/A |   1.3 | 153.0
               +-------+-------+-------+-------+-------+----------------------

Table legend: (Time is in decaauts)
 A = Elapsed time spent in this place.
 B = Non-inter-level travel time spent in this place.
 C = Inter-level travel time spent in this place.
 D = Time resting spent in this place.
 E = Time spent auto-exploring this place.
 F = Levels seen in this place.
 G = Mean time per level.
                   A        B        C        D        E       F      G
               +--------+--------+--------+--------+--------+-----+--------+
         Total |  12022 |  11687 |    335 |   1359 |   9027 |  13 |  924.8 |
       Dungeon |  11383 |  11087 |    296 |   1184 |   8648 |  11 | 1034.8 |
        Temple |    347 |    308 |     39 |    100 |    200 |   1 |  347.0 |
         Sewer |    291 |    291 |      0 |     75 |    179 |   1 |  291.0 |
               +--------+--------+--------+--------+--------+-----+--------+

Top non-repeatable levels by time:
     D:6: 1624 daAuts
     D:4: 1556 daAuts
    D:10: 1423 daAuts
     D:7: 1137 daAuts
     D:9: 1115 daAuts
     D:5: 1069 daAuts
     D:3: 1004 daAuts
     D:1: 898 daAuts
     D:2: 876 daAuts
     D:8: 585 daAuts
  Temple: 347 daAuts
   Sewer: 291 daAuts
    D:11: 91 daAuts
